AoeStats
← RCM_SW

Arena

509230799Analyzed
3v3 RM · 7d ago on Sep 26, 2026· 28m 58s· 6 players
Game mode
Random Map
Map size
Normal (6 player)
Population
200
Speed
Normal
Resources
Standard
Victory
Conquest
Starting age
Dark Age
Ending age
Imperial Age
RankedLock teamsTeams togetherTeam positionsShared explorationLock speedFull tech treeHidden civsTurbo modeCheats
Victory
Defeat
🇵🇱 Danes · Poland
974
+15
🇨🇱 Byzantines · Chile
972
+12
🇨🇳 Bohemians · China
970
+12
🇨🇱 Franks · Chile
895
-12
🇨🇱 Malians · Chile
894
-12
🇨🇱 Japanese · Chile
884
-12
Viking
5:07 Loom
13:16 Feudal Age
16:50 Castle Age
14:56 Horse Collar
21:35 Arson
22:07 Squires
27:38 Scale Mail Armor
alexismdo1
10:49 Feudal Age
11:30 Double-Bit Axe
11:26 Horse Collar
12:43 Wheelbarrow
13:04 Loom
16:01 Castle Age
17:14 Bow Saw
25:00 Elite Skirmisher
25:14 Elite Skirmisher
岡門偏佐
2:00 Loom
10:16 Feudal Age
16:39 Castle Age
15:15 Double-Bit Axe
18:34 Wheelbarrow
19:06 Fervor
23:43 Fletching
26:50 Chemistry
26:12 Elite Skirmisher
26:55 Padded Archer Armor
26:52 Horse Collar
RCM_SW
0:50 Loom
11:23 Feudal Age
11:56 Town Watch
12:01 Horse Collar
12:08 Double-Bit Axe
17:06 Man-at-Arms
17:59 Scale Mail Armor
18:53 Arson
19:40 Forging
23:57 Castle Age
22:54 Fletching
24:23 Wheelbarrow
24:58 Long Swordsman
26:09 Gambesons
LuisSW
0:33 Loom
0:36 Loom
11:40 Feudal Age
17:25 Castle Age
16:08 Double-Bit Axe
26:40 Husbandry
dameoroSW
10:06 Feudal Age
9:27 Loom
14:57 Castle Age
13:25 Double-Bit Axe
19:04 Forging
28:31 Wheelbarrow
Connection lost

Rejoining the realm…

Still unreachable

The connection could not be restored.

Session expired

The server has moved on; the page needs a fresh start.